 Dungeon Crawl Stone Soup version 0.27.1-33-g824d729ab1 (webtiles) character file.

Game seed: 7236638558480685602

22 Sharkman1231 the Sneak (level 2, -7/24 HPs)
             Began as a Merfolk Delver on Dec 31, 2021.
             Mangled by a kobold brigand (9 damage)
             ... in a sewer.
             The game lasted 00:01:16 (420 turns).

Sharkman1231 the Sneak (Merfolk Delver)              Turns: 420, Time: 00:01:16

Health: -7/24      AC:  3    Str: 12    XL:     2   Next: 91%
Magic:  2/2        EV: 15    Int:  9    God:
Gold:   0          SH:  0    Dex: 15    Spells: 1/1 levels left

rFire    . . .     SeeInvis .   a - +0 spear
rCold    . . .     Faith    .   (no shield)
rNeg     . . .     Spirit   .   b - +0 leather armour
rPois    .         Reflect  .   (no helmet)
rElec    .         Harm     .   (no cloak)
rCorr    .         Rampage  .   (no gloves)
Will     .....                  (boots currently unavailable)
Stlth    ++++......             (no amulet)
HPRegen  0.08/turn              (no ring)
MPRegen  0.08/turn              (no ring)

@: hasted, very quick
A: nimble swimmer 2, mertail
a: no special abilities


You were in a sewer.
You visited 1 branch of the dungeon, and saw 1 of its levels.
You also visited: Sewer.

Inventory:

Hand Weapons
 a - a +0 spear (weapon)
Armour
 b - a +0 leather armour (worn)
Wands
 d - a wand of flame (10)
 g - a wand of digging (3)
Scrolls
 c - a scroll of fog


   Skills:
 + Level 3.6 Fighting
 * Level 4.1 Polearms
 + Level 3.2 Dodging
 - Level 5.4 Stealth


You had one spell level left.
You didn't know any spells.
Your spell library contained the following spells:

 Spells                   Type           Power      Damage    Failure   Level
 Slow                     Hex            0%         N/A       61%         2
 Confusing Touch          Hex            0%         N/A       83%         3
 Vampiric Draining        Necr           0%         2d6       83%         3


Dungeon Overview and Level Annotations

Branches:
Dungeon (5/15)              Sewer (1/1)
 Temple: D:4-7

Altars:

Annotations:
D:5 Grinder


Innate Abilities, Weirdness & Mutations

You are quick and stealthy near water. (Stealth+, EV+, Speed+++)
Your lower body shifts to a powerful aquatic tail in water.


Message History

You feel yourself speed up.
You feel sick. The kobold brigand closely misses you.
The jackal closely misses you.
You barely miss the kobold brigand.
The kobold brigand is moderately wounded.
You feel sick. The jackal misses you. The kobold brigand closely misses you.
You hit the kobold brigand but do no damage.
Your tail-slap misses the kobold brigand.
The kobold brigand is moderately wounded.
The jackal completely misses you.
You hit the kobold brigand.
The kobold brigand is heavily wounded.
You feel sick. The kobold brigand closely misses you.
You completely miss the kobold brigand. You tail-slap the kobold brigand.
The kobold brigand is heavily wounded.
You feel sick. The jackal barely misses you.
You hit the kobold brigand.
The kobold brigand is heavily wounded.
The kobold brigand splashes around in the water.
The jackal misses you.
You hit the kobold brigand but do no damage.
Your tail-slap misses the kobold brigand.
The kobold brigand is heavily wounded.
You feel sick. The jackal closely misses you.
The kobold brigand hits you with a +0 short sword.
* * * LOW HITPOINT WARNING * * *
You barely miss the kobold brigand.
The kobold brigand is heavily wounded.
You feel sick.
You are no longer poisoned.
The jackal bites you but does no damage.
You aren't carrying any potions.
Unknown command.
You hit the jackal. You tail-slap the jackal.
The jackal is severely wounded.
The kobold brigand splashes around in the water.
The jackal splashes around in the water.
You closely miss the jackal.
The jackal is severely wounded.
The kobold brigand hits you with a +0 short sword!
You die...

#≈# #≈# #≈# ##≈#########
#######.≈≈...≈≈≈.# ≈
###...≈.≈.≈≈≈≈≈≈≈.≈# .≈.
≈≈≈≈≈≈≈≈≈≈≈≈≈≈≈≈≈†≈#....
≈≈≈≈≈≈≈≈≈≈≈≈≈≈≈≈≈K≈.....
≈≈≈≈≈≈≈≈≈≈≈≈≈≈≈≈@≈.#....
###..........≈≈h≈≈.# ...
###.###......≈≈..# # #∩#
############ ###


You could see a kobold brigand and a jackal.

Vanquished Creatures
  An adder (D:5)
  A river rat (Sewer)
  A jackal (Sewer)
  3 rats (Sewer)
6 creatures vanquished.

Notes
Turn   | Place    | Note
-------+----------+-------------------------------------------
     0 | D:5      | Sharkman1231 the Merfolk Delver began the quest for the
                  | Orb.
     0 | D:5      | Reached XP level 1. HP: 18/18 MP: 1/1
    13 | D:5      | Noticed Grinder
    13 | D:5      | Noticed a water moccasin
    38 | D:5      | Noticed an iguana
    45 | D:5      | Noticed a yak
    45 | D:5      | Noticed a yak
    45 | D:5      | Noticed a yak
    67 | D:5      | Noticed an ice beast
    83 | D:5      | Noticed a black bear
    84 | D:5      | Noticed an iguana
   112 | D:5      | Found a glowing drain.
   119 | D:5      | Reached XP level 2. HP: 17/24 MP: 2/2
   152 | Sewer    | Entered a sewer
   390 | Sewer    | Noticed a kobold brigand
   420 | Sewer    | Mangled by a kobold brigand

Illustrated notes

Levels and vault maps discovered:
D:5:      layout_loops_cross, nicolae_vehumet_radiance, portal_sewer_entry_d,
          uniq_grinder
Sewer:    sewer_kobolds

Skill      XL: |  1  2 |
---------------+-------+-----
Dodging        | 3 |  3.2
Polearms       | 4 |  4.1
Fighting       | |  3.6
Stealth        | |  5.4

Action                   || total
-------------------------++-------
Melee: Spear             ||    57
       Tailslap          ||     9
  Use: Scroll            ||     2
       Potion            ||     2
 Stab: Sleeping          ||     2
Armor: Leather armour    ||     4
Dodge: Dodged            ||    37
